 Dungeon Crawl Stone Soup version 0.31-a0-1511-g961fd35ebc (webtiles) character file.

Game seed: 4722831544515348657

196531 Colgate the Warrior (level 18, -14/169 HPs)
             Began as a Demonspawn Gladiator on Dec 24, 2023.
             Was the Champion of Makhleb.
             Demolished by a torpor snail (23 damage)
             ... on level 4 of the Spider Nest on Dec 30, 2023.
             The game lasted 02:44:40 (39253 turns).

Colgate the Warrior (Demonspawn Gladiator)         Turns: 39253, Time: 02:44:40

Health: -14/169    AC: 30    Str: 27 (28) XL:     18   Next: 16%
Magic:  0/29       EV:  7    Int:  9      God:    Makhleb [******]
Gold:   2263       SH: 27    Dex: 18      Spells: 17/17 levels left

rFire   . . .        b - +4 broad axe of Plunder {heavy, rElec Dex+3}
rCold   + + .        Z - +0 tower shield {rC+}
rNeg    . . .        N - +10 plate armour {ponderous}
rPois   +            c - +2 helmet
rElec   +            E - scarf {shadows}
rCorr   +            Y - +2 pair of gloves
SInv    .            (boots unavailable)
Will    +++..        J - amulet of faith Stlth
                     I - ring "Kopliege" {rC+ Will++ rCorr Str+6 Slay-2}
HPRegen 0.48/turn    e - ring of poison resistance
MPRegen 0.21/turn

%: faith
@: slowed, very slow
A: hooves 3, large bone plates 3, demonic guardian 2, foul stench 2, robust 1
a: Renounce Religion, Minor Destruction, Lesser Servant of Makhleb, Major
Destruction, Greater Servant of Makhleb


You were on level 4 of the Spider Nest.
You worshipped Makhleb.
Makhleb was exalted by your worship.
You visited 5 branches of the dungeon, and saw 27 of its levels.
You also visited: Ice Cave.

You collected 3273 gold pieces.
You spent 1010 gold pieces at shops.

Inventory:

Hand Weapons
 a - a +4 vampiric broad axe
 b - the +4 broad axe of Plunder (weapon) {heavy, rElec Dex+3}
   (You bought it in a shop on level 5 of the Dungeon)

   Dex+3:     It affects your dexterity (+3).
   rElec:     It insulates you from electricity.
Missiles
 d - 4 throwing nets {!f}
 g - 4 javelins
 j - 18 poisoned darts
 o - 4 silver javelins
 P - 16 atropa-tipped darts
 Q - a curare-tipped dart
Armour
 c - a +2 helmet (worn)
 E - a scarf of shadows (worn)
 N - a +10 plate armour of ponderousness (worn)
 Y - a +2 pair of gloves (worn)
 Z - a +0 tower shield of cold resistance (worn)
Jewellery
 e - a ring of poison resistance (right hand)
 H - a ring of protection from cold
 I - the ring "Kopliege" (left hand) {rC+ Will++ rCorr Str+6 Slay-2}
   (You acquired it on level 12 of the Dungeon)

   [ring of strength]

   Str+6:     It affects your strength (+6).
   Slay-2:    It affects your accuracy & damage with ranged weapons and melee
   (-2).
   rC+:       It protects you from cold.
   Will++:    It greatly increases your willpower.
   rCorr:     It protects you from acid and corrosion.
 J - an amulet of faith (around neck)
 X - a ring of the Octopus King {Wiz HP+2 AC+2 EV+2 SH+2}
   (You found it on level 5 of the Lair of Beasts)

   [ring of wizardry]

   Wiz:       It improves your spell success rate.
   AC+2:      It affects your AC (+2).
   EV+2:      It affects your evasion (+2).
   HP+2:      It affects your health (+2).
   SH+2:      It affects your SH (+2).
Wands
 h - a wand of charming (18)
 y - a wand of flame (56)
 D - a wand of roots (39) {@v2}
 L - a wand of polymorph (17)
 O - a wand of light (3) {@v1}
 U - a wand of mindburst (10)
Scrolls
 l - a scroll of torment
 n - 5 scrolls of identify {@r1}
 q - 8 scrolls of fear
 r - a scroll of silence
 s - a scroll of amnesia
 t - 8 scrolls of teleportation {@r3}
 u - 4 scrolls of fog
 v - a scroll of brand weapon
 x - 10 scrolls of vulnerability
 z - 9 scrolls of immolation
 F - 5 scrolls of revelation
 V - a scroll of summoning
 W - 2 scrolls of poison
Potions
 f - 3 potions of enlightenment
 i - 8 potions of curing {@q1}
 k - 3 potions of berserk rage
 m - a potion of cancellation
 p - 3 potions of mutation
 w - 2 potions of brilliance
 A - 4 potions of haste {@q4}
 B - 7 potions of might {@q3}
 C - 4 potions of heal wounds {@q2}
 G - a potion of resistance {@q5}
 K - 2 potions of attraction
 M - 2 potions of magic
 R - 6 potions of lignification
 S - 3 potions of invisibility
 T - 3 potions of ambrosia


   Skills:
 - Level 17.0 Fighting
 - Level 16.0 Axes
 - Level 8.2 Staves
 - Level 1.7 Throwing
 - Level 8.0 Armour
 - Level 2.6 Dodging
 - Level 3.0 Stealth
 + Level 14.3 Shields
 - Level 15.0 Invocations
 - Level 5.0 Evocations


You had 17 spell levels left.
You didn't know any spells.
Your spell library contained the following spells:

 Spells                   Type           Power      Damage    Failure   Level
 Apportation              Tloc           0%         N/A       100%        1
 Kiss of Death            Conj/Necr      0%         2d5       100%        1
 Magic Dart               Conj           0%         1d3       100%        1
 Necrotise                Necr           0%         1d4       100%        1
 Sting                    Conj/Alch      0%         1d3       100%        1
 Summon Small Mammal      Summ           0%         N/A       100%        1
 Blink                    Tloc           0%         N/A       100%        2
 Call Imp                 Summ           0%         N/A       100%        2
 Ensorcelled Hibernation  Hex/Ice        0%         N/A       100%        2
 Mercury Vapours          Alch/Air       0%         N/A       100%        2
 Sublimation of Blood     Necr           0%         N/A       100%        2
 Call Canine Familiar     Summ           0%         N/A       100%        3
 Confusing Touch          Hex            0%         N/A       100%        3
 Fugue of the Fallen      Necr           0%         N/A       100%        3
 Hailstorm                Conj/Ice       0%         3d5       100%        3
 Mephitic Cloud           Conj/Alch/Air  0%         N/A       100%        3
 Sigil of Binding         Hex            0%         N/A       100%        3
 Summon Ice Beast         Ice/Summ       0%         N/A       100%        3
 Tukima's Dance           Hex            0%         N/A       100%        3
 Anguish                  Hex/Necr       0%         N/A       100%        4
 Animate Dead             Necr           0%         N/A       100%        4
 Cause Fear               Hex            0%         N/A       100%        4
 Dimensional Bullseye     Hex/Tloc       0%         N/A       100%        4
 Dispel Undead            Necr           0%         3d6       100%        4
 Passage of Golubria      Tloc           0%         N/A       100%        4
 Summon Blazeheart Golem  Fire/Summ      0%         N/A       100%        4
 Vhi's Electric Charge    Tloc/Air       0%         N/A       100%        4
 Arcjolt                  Conj/Air       0%         1d10      100%        5
 Borgnjor's Vile Clutch   Necr/Erth      0%         N/A       100%        5
 Fireball                 Conj/Fire      0%         3d3       100%        5
 Freezing Cloud           Conj/Ice/Air   0%         6-21      100%        5
 Yara's Violent Unravell  Hex/Alch       0%         3d3       100%        5
 Death Channel            Necr           0%         N/A       100%        6
 Sculpt Simulacrum        Ice/Alch       0%         N/A       100%        6
 Ozocubu's Refrigeration  Ice            0%         4d7       100%        7
 Summon Hydra             Summ           0%         N/A       100%        7
 Maxwell's Capacitive Co  Air            0%         ∞         100%        8
 Dragon's Call            Summ           0%         N/A       100%        9
 Polar Vortex             Ice            0%         N/A       100%        9


Dungeon Overview and Level Annotations

Branches:
Dungeon (15/15)            Temple (1/1) D:5            Lair (5/5) D:11
  Swamp (0/4) Lair:3       Spider (4/4) Lair:2        Slime (0/5) Lair:5
    Orc (2/2) D:10            Elf (0/3) Orc:2        Vaults (0/5) D:13
 Depths (0/4) D:15          IceCv (visited)

Altars:
Ashenzari
Cheibriados
Dithmenos
Fedhas
Gozag
Hepliaklqana
Kikubaaqudgha
Makhleb
Nemelex Xobeh
Okawaru
Qazlal
Ru
Sif Muna
Trog
Uskayaw
Vehumet
Wu Jian
Xom
Yredelemnul
Jiyva

Shops:
D:2 *   D:3 *   D:5 (   Orc:2 *(=[*=

Portals:
Trove: D:14 (give 7 scrolls of fog)

Annotations:
Orc:1 1 runed translucent door, TheSeeker391's ghost, journeyman HOFi


Innate Abilities, Weirdness & Mutations

You have hooves in place of feet.
You are completely covered in large bone plates. (SH +8)
A demonic guardian rushes to your aid.
You sometimes emit foul miasma when damaged in melee.
You are robust. (+10% HP)


Message History

You block something's attack.
The jumping spider is engulfed in dark miasma.
The jumping spider is poisoned.
The torpor snail bites you but does no damage.
The wolf spider barely misses you.
The wolf spider bites you but does no damage.
The wolf spider hits you but does no damage.
The wolf spider bites you but does no damage.
The jumping spider leaps!
You feel you are being watched by something.
You feel your power leaking away.
Something hits you but does no damage. x2
Something stings you but does no damage.
The torpor snail bites you.
* * * LOW HITPOINT WARNING * * *
Okay, then.
As you read the scroll of fear, it crumbles to dust.
You assume a fearsome visage.
The broodmother simulacrum is unaffected.
The torpor snail is unaffected.
The wolf spider is unaffected. x2
The jumping spider looks frightened!
The moth of wrath looks frightened!
The orb spider looks frightened!
The jumping spider is unaffected.
The torpor snail's soul is no longer bound.
The wolf spider is no longer moving slowly.
The wolf spider hits you but does no damage.
You block the wolf spider's attack. x2
The wolf spider bites you but does no damage.
You block the wolf spider's attack. x2
The jumping spider rages.
The jumping spider leaps!
You feel you are being watched by something.
You feel your power leaking away.
Something hits you but does no damage. x2
Something stings you but does no damage.
The wolf spider completely misses you.
The wolf spider bites you but does no damage.
The wolf spider barely misses you.
The wolf spider bites you but does no damage.
The torpor snail bites you!!
You die...

...^.^.........#.#..
.....##........#.... .~
... #^............#
..###.###.........#.^#.
..^^#^#.......^...##..#
.^..°......~#.#^.^###..
#~.......###.###~# #<.
###.[....# .. #.~ #.#
#..@..##.. .##† #..
##wss°...°. ^ #(.
.^.$y^s†.##^.. #..
...##.Z..^# .. #.. ..
s....^# . ### .
#......^. ?.........
...^.......


You could see a torpor snail (berserk), 2 wolf spiders, a moth of wrath (soul
bound, fleeing), an orb spider (soul bound, charged, fleeing), a jumping spider
(berserk) and a broodmother simulacrum.

Vanquished Creatures
  Jorgrun (D:15)
  An emperor scorpion (Spider:3)
  An orc warlord (Orc:2)
  4 broodmothers
  Snorg (D:14)
  Josephine (Orc:1)
  3 entropy weavers (Spider:3)
  A yaktaur captain (D:13)
  Fannar (Lair:3)
  An ogre mage (D:15)
  Harold (Orc:1)
  4 hydras
  6 boulder beetles
  5 radroaches
  3 jorogumos
  10 two-headed ogres
  9 centaur warriors
  Erica (Orc:1)
  A merfolk avatar (Lair:5)
  A deep troll earth mage (D:15)
  3 demonic crawlers
  4 death yaks
  Urug (D:12)
  An occultist (D:15)
  9 pharaoh ants
  5 skysharks
  3 sun demons (D:13)
  Lodul (D:12)
  5 orb spiders
  2 sun moths
  4 steelbarb worms
  3 deep elf pyromancers
  A necromancer (Lair:5)
  Pikel (D:9)
  5 orc knights
  9 cyclopes
  21 wolf spiders
  5 orc sorcerers
  4 ugly things (D:14)
  5 manticores
  4 black mambas
  3 moths of wrath
  5 oklob plants
  A rust devil (D:13)
  23 elephants
  4 kobold blastminers (Orc:2)
  An ice statue (IceCv)
  12 cane toads
  5 torpor snails
  4 gargoyles
  A kobold demonologist (D:5)
  4 rime drakes
  11 komodo dragons
  2 efreet
  3 yaktaurs
  An anaconda simulacrum (IceCv)
  2 ice devils (Lair:2)
  6 trolls
  4 polar bears
  2 polar bears (shapeshifter)
  28 tarantellas
  6 dream sheep (Lair:4)
  2 wind drakes
  7 blink frogs
  11 slime creatures (D:13)
  4 shadows
  21 culicivoras
  Sigmund (D:6)
  31 jumping spiders
  33 yaks
  4 wraiths
  5 wyverns
  2 steam dragons
  7 basilisks
  42 redbacks
  5 wargs
  2 neqoxecs (D:13)
  13 vampire mosquitoes
  A chaos spawn (D:13)
  A swamp worm (Lair:3)
  6 death yak simulacra
  A harpy simulacrum (IceCv)
  An acid dragon (D:11)
  13 water moccasins
  6 hydra simulacra
  2 ice beasts
  21 orc warriors
  3 black bears
  2 sky beasts
  8 wolves
  16 ogres
  11 centaurs
  2 phantoms
  A kobold brigand (D:6)
  7 bullfrogs
  8 cane toad simulacra (IceCv)
  6 two-headed ogre simulacra (IceCv)
  3 scorpions
  12 killer bees
  4 elephant simulacra (Lair:5)
  9 howler monkeys
  3 electric eels
  A bombardier beetle (D:5)
  3 hounds
  15 orc priests
  A gnoll bouda (D:9)
  2 jellies
  6 iguanas
  2 sleepcaps (D:7)
  An iguana (shapeshifter) (D:11)
  22 orc wizards
  8 troll simulacra (IceCv)
  4 hell rats (Lair:3)
  3 spriggan simulacra (IceCv)
  2 wolf simulacra (IceCv)
  12 gnolls
  9 adders
  4 naga simulacra (IceCv)
  3 shadow imps
  5 white imps
  2 hell rat simulacra (Lair:5)
  4 ufetubi (IceCv)
  3 ribbon worms
  2 dart slugs
  80 orcs
  6 endoplasms
  3 giant cockroaches
  10 hobgoblins
  3 jackals (D:4)
  3 quokkas
  10 ball pythons
  4 bats
  6 frilled lizards
  4 goblins
  12 kobolds
  7 rats
879 creatures vanquished.

Vanquished Creatures (collateral kills)
  Arachne (Spider:2)
  A ghost moth (Spider:4)
  A broodmother (Spider:4)
  An ogre mage (D:15)
  A hydra (D:15)
  A two-headed ogre (D:15)
  3 orc high priests (Orc:2)
  3 death yaks (Lair:3)
  A pharaoh ant (Spider:4)
  2 orb spiders
  3 bog bodies
  A steelbarb worm (Spider:3)
  2 wolf spiders
  An elephant (Lair:5)
  A troll (Orc:1)
  3 tarantellas (Spider:2)
  A spriggan (Lair:3)
  A jumping spider (Spider:2)
  A wraith (Orc:1)
  3 culicivoras
  A redback (Spider:3)
  5 orc warriors
  An ogre (D:15)
  A cane toad simulacrum (IceCv)
  4 orc priests
  2 orc wizards
  4 orcs (Orc:2)
50 creatures vanquished.

Vanquished Creatures (others)
  A manticore (Lair:5)
  A basilisk (Lair:2)
2 creatures vanquished.

Grand Total: 931 creatures vanquished

Notes
Turn   | Place    | Note
-------+----------+-------------------------------------------
     0 | D:1      | Colgate the Demonspawn Gladiator began the quest for the
                  | Orb.
     0 | D:1      | Reached XP level 1. HP: 16/16 MP: 1/1
   169 | D:1      | Gained mutation: You have large cloven feet. [demonic
                  | ancestry]
   169 | D:1      | Reached XP level 2. HP: 22/22 MP: 2/2
  1223 | D:2      | Gained mutation: You are partially covered in large bone
                  | plates. (SH +4) [demonic ancestry]
  1223 | D:2      | Reached XP level 3. HP: 27/27 MP: 3/3
  1681 | D:2      | Reached XP level 4. HP: 27/33 MP: 4/4
  1764 | D:2      | You fall into a shaft and drop 1 floor!
  1812 | D:3      | Noticed a phantom
  1843 | D:3      | Killed a phantom
  1844 | D:3      | Reached skill level 5 in Staves
  1844 | D:3      | Gained mutation: You are mostly covered in large bone
                  | plates. (SH +6) [demonic ancestry]
  1844 | D:3      | Reached XP level 5. HP: 14/38 MP: 5/5
  2127 | D:2      | Found Walafof's Assorted Antiques.
  3114 | D:3      | Found Wees's General Store.
  3318 | D:4      | d:4
  3592 | D:4      | Noticed an ogre
  3597 | D:4      | Killed an ogre
  3598 | D:4      | Gained mutation: You may rarely emit foul miasma when
                  | damaged in melee. [demonic ancestry]
  3598 | D:4      | Reached XP level 6. HP: 44/44 MP: 6/6
  4135 | D:4      | Found an ornate altar of the Wu Jian Council.
  4305 | D:4      | Found an opulent altar of Gozag.
  4728 | D:4      | Gained mutation: You have hoof-like feet. [demonic
                  | ancestry]
  4728 | D:4      | Reached XP level 7. HP: 50/50 MP: 7/7
  5058 | D:5      | Entered Level 5 of the Dungeon
  5228 | D:5      | Found Coucliod's Antique Weapon Shoppe.
  5236 | D:5      | Bought a pitted broad axe for 234 gold pieces
  5236 | D:5      | Identified the +4 broad axe of Plunder {heavy, rElec Dex+3}
                  | (You bought it in a shop on level 5 of the Dungeon)
  5252 | D:5      | Found a sacrificial altar of Ru.
  5280 | D:5      | Reached skill level 1 in Axes
  5754 | D:5      | Found a staircase to the Ecumenical Temple.
  5764 | Temple   | Entered the Ecumenical Temple
  5772 | Temple   | Became a worshipper of Makhleb the Destroyer
  5809 | D:5      | Gained mutation: You are completely covered in large bone
                  | plates. (SH +8) [demonic ancestry]
  5809 | D:5      | Reached XP level 8. HP: 56/56 MP: 8/8
  5875 | D:5      | Noticed a kobold demonologist
  5888 | D:5      | Reached skill level 5 in Axes
  5896 | D:5      | Killed a kobold demonologist
  6253 | D:6      | Noticed Sigmund
  6325 | D:6      | Killed Sigmund
  6326 | D:6      | Gained mutation: You have hooves in place of feet. [demonic
                  | ancestry]
  6326 | D:6      | Reached XP level 9. HP: 61/61 MP: 9/9
  6832 | D:6      | Reached * piety under Makhleb
  7428 | D:5      | Found Coucliod's Antique Weapon Shoppe.
  7441 | D:5      | Found a sacrificial altar of Ru.
  7489 | D:5      | Found a staircase to the Ecumenical Temple.
  7984 | D:3      | Bought a +0 cloak for 54 gold pieces
  8185 | D:6      | Reached skill level 1 in Armour
  8617 | D:7      | Reached skill level 3 in Fighting
  9057 | D:8      | Reached skill level 4 in Fighting
  9103 | D:8      | Reached skill level 5 in Fighting
  9297 | D:8      | Identified the +5 mace of Sulphur {heavy, ^Contam rCorr
                  | Str-5 Int+7}
 10026 | D:9      | Noticed Pikel
 10034 | D:9      | Killed Pikel
 10035 | D:9      | Reached skill level 6 in Fighting
 10040 | D:9      | Gained mutation: A weak demonic guardian rushes to your
                  | aid. [demonic ancestry]
 10040 | D:9      | Reached XP level 10. HP: 67/77 MP: 10/10
 10173 | D:9      | Noticed a two-headed ogre
 10230 | D:9      | Reached ** piety under Makhleb
 10272 | D:9      | Noticed a manticore
 10277 | D:9      | Killed a manticore
 10337 | D:9      | Noticed a cyclops
 10359 | D:9      | a cyclops changed into a manticore
 10359 | D:9      | Noticed a manticore
 10365 | D:9      | Killed a manticore
 10549 | D:9      | Reached skill level 10 in Axes
 10737 | D:9      | Found a stormy altar of Qazlal.
 10743 | D:9      | Killed a two-headed ogre
 11219 | D:10     | Entered Level 10 of the Dungeon
 11589 | D:10     | Noticed a two-headed ogre
 11597 | D:10     | Killed a two-headed ogre
 11598 | D:10     | Reached XP level 11. HP: 83/83 MP: 11/11
 11748 | D:10     | Reached *** piety under Makhleb
 11810 | D:10     | Found a staircase to the Orcish Mines.
 12137 | D:10     | Found a blossoming altar of Fedhas.
 12146 | D:10     | Found a broken altar of Ashenzari.
 12231 | D:10     | Reached **** piety under Makhleb
 12232 | D:10     | Reached skill level 7 in Fighting
 12633 | D:11     | Noticed an oklob plant
 12633 | D:11     | Noticed an oklob plant
 12743 | D:10     | Reached skill level 1 in Invocations
 12872 | D:11     | Reached skill level 5 in Invocations
 13136 | D:11     | Found a staircase to the Lair.
 13509 | D:11     | Noticed an oklob plant
 16088 | D:11     | Killed an oklob plant
 16703 | D:11     | Killed an oklob plant
 17514 | D:11     | Killed an oklob plant
 17593 | Lair:1   | Entered Level 1 of the Lair of Beasts
 17740 | Lair:1   | Reached skill level 8 in Fighting
 17971 | Lair:1   | Reached XP level 12. HP: 94/94 MP: 18/18
 18050 | Lair:1   | Reached skill level 9 in Fighting
 18147 | Lair:1   | Reached skill level 10 in Fighting
 18399 | Lair:2   | Reached skill level 5 in Armour
 18455 | Lair:2   | Found a frozen archway.
 18487 | IceCv    | Entered an ice cave
 18527 | IceCv    | Reached ***** piety under Makhleb
 18871 | IceCv    | Reached skill level 10 in Invocations
 19540 | Lair:2   | Reached skill level 11 in Fighting
 19769 | Lair:2   | Reached XP level 13. HP: 94/107 MP: 21/21
 19845 | Lair:2   | Reached skill level 12 in Fighting
 20049 | Lair:2   | Found a hole to the Spider Nest.
 20529 | Lair:3   | Reached skill level 13 in Fighting
 20737 | Lair:3   | Noticed Fannar
 20760 | Lair:3   | Killed Fannar
 20838 | Lair:3   | Found a staircase to the Swamp.
 22062 | Lair:4   | Reached ****** piety under Makhleb
 22750 | Lair:5   | Entered Level 5 of the Lair of Beasts
 23101 | D:2      | Bought a sedimented grey potion for 18 gold pieces
 23101 | D:2      | Bought a fuming blue potion for 18 gold pieces
 23101 | D:2      | Bought a purple potion for 18 gold pieces
 23151 | D:3      | Bought a potion of curing for 36 gold pieces
 23151 | D:3      | Bought a scroll of identify for 24 gold pieces
 23151 | D:3      | Bought a scroll of teleportation for 36 gold pieces
 23151 | D:3      | Bought the +1 ring mail of Defiance {rPois rF+} for 326
                  | gold pieces
 23484 | Lair:4   | Gained mutation: A demonic guardian rushes to your aid.
                  | [demonic ancestry]
 23484 | Lair:4   | Reached XP level 14. HP: 118/118 MP: 23/23
 24302 | Lair:5   | Found the ring of the Octopus King
 24312 | Lair:5   | Identified a ring of the Octopus King {Wiz HP+2 AC+2 EV+2
                  | SH+2}
 24410 | Lair:5   | Found a staircase to the Slime Pits.
 24420 | Lair:5   | Found a viscous altar of Jiyva.
 24472 | Lair:5   | Identified the orb "Ziomu" {*channel, rPois rF+ Dex+6 Tloc}
 24928 | Orc:1    | Entered Level 1 of the Orcish Mines
 24992 | Orc:1    | Noticed Josephine
 25000 | Orc:1    | Killed Josephine
 25157 | Orc:1    | Noticed Harold
 25164 | Orc:1    | Killed Harold
 25168 | Orc:1    | Noticed TheSeeker391's ghost (journeyman HOFi)
 25536 | Orc:1    | Found a runed translucent door.
 25745 | Orc:2    | Entered Level 2 of the Orcish Mines
 25864 | Orc:2    | Found Ruddoh's Overcharged Wands.
 25937 | Orc:2    | Reached skill level 15 in Invocations
 25997 | Orc:2    | Found Koohomiz's Jewellery Boutique.
 26019 | Orc:2    | Noticed an orc warlord
 26021 | Orc:2    | Reached skill level 14 in Fighting
 26029 | Orc:2    | Killed an orc warlord
 26417 | Orc:2    | Paralysed by an orc sorcerer for 5 turns
 26425 | Orc:2    | Gained mutation: You sometimes emit foul miasma when
                  | damaged in melee. [demonic ancestry]
 26425 | Orc:2    | Reached XP level 15. HP: 124/126 MP: 26/26
 26791 | Orc:2    | Found Wela Hoh's General Store.
 26792 | Orc:2    | Found Ilonass's Jewellery Shop.
 26793 | Orc:2    | Found Sujaor's Antique Armour Shop.
 26793 | Orc:2    | Found Saurah's Antique Weapon Boutique.
 27055 | Orc:2    | Found a staircase to the Elven Halls.
 27421 | Orc:2    | Bought a potion of resistance for 170 gold pieces
 27421 | Orc:2    | Bought a +0 pair of gloves for 76 gold pieces
 27427 | Orc:2    | Upgraded the game from 0.31-a0-1376-g36f0627844 to
                  | 0.31-a0-1511-g961fd35ebc
 27514 | Orc:1    | Noticed Erica
 27521 | Orc:1    | Killed Erica
 27838 | D:12     | Identified 2 scrolls of acquirement
 27839 | D:12     | Acquired the ring "Kopliege" {rC+ Will++ rCorr Str+6
                  | Slay-2}
 27846 | D:12     | Acquired a manual of Shields
 28023 | D:12     | Noticed Lodul
 28033 | D:12     | Killed Lodul
 28048 | D:12     | Noticed Urug
 28058 | D:12     | Killed Urug
 29115 | D:13     | Found a gate to the Vaults.
 29313 | D:13     | Reached skill level 15 in Axes
 30346 | D:14     | Found a portal to a secret trove of treasure.
 30744 | D:14     | Noticed Snorg
 30752 | D:14     | Killed Snorg
 30980 | D:14     | Reached skill level 5 in Shields
 31333 | D:15     | Entered Level 15 of the Dungeon
 31605 | D:15     | Found a staircase to the Depths.
 31889 | D:15     | Reached skill level 10 in Shields
 31896 | D:15     | Reached XP level 16. HP: 130/133 MP: 27/27
 31947 | D:15     | Noticed Jorgrun
 31978 | D:15     | Killed Jorgrun
 32352 | D:15     | Gained mutation: You are robust. (+10% HP) [demonic
                  | ancestry]
 32352 | D:15     | Reached XP level 17. HP: 135/152 MP: 28/28
 33013 | Spider:1 | Entered Level 1 of the Spider Nest
 33200 | Spider:1 | Reached skill level 1 in Evocations
 33620 | Spider:1 | You fall into a shaft and drop 1 floor!
 33658 | Spider:2 | Reached skill level 5 in Evocations
 33689 | Spider:2 | Noticed Arachne
 33709 | Spider:2 | Killed Arachne
 34219 | Spider:2 | Reached skill level 15 in Fighting
 34557 | Spider:1 | Identified the serpent talisman "Ivuysuse" {rF- rC- Int+8
                  | Stlth+}
 35427 | Spider:3 | Reached skill level 16 in Fighting
 36194 | Spider:4 | Entered Level 4 of the Spider Nest
 36670 | Spider:4 | Reached skill level 17 in Fighting
 38251 | Spider:4 | Reached XP level 18. HP: 162/164 MP: 29/29
 39252 | Spider:4 | HP: 8/169 [torpor snail (3)]
 39253 | Spider:4 | Demolished by a torpor snail

Illustrated notes ######### #@......# #######.# Turn 3318 on D:4: d:4

Levels and vault maps discovered:
D:1:      lightli_arrival_boilingwater, layout_basic, kennysheep_another_room
D:2:      layout_loops_ring, serial_shops, shop, hangedman_decor_push
D:3:      layout_loops_ring, serial_shops, nicolae_shop_behind_doors,
          minmay_between
D:4:      layout_basic, pf_just_have_faith, grunt_gozag_statues, serial_library,
          serial_library_hellmonk_h_bend, serial_library_hellmonk_statue_hall,
          serial_library_regret_index_branch_corner,
          serial_library_hellmonk_filled_rooms,
          serial_library_hellmonk_recessed_alcove,
          serial_library_hellmonk_hallway_b,
          serial_library_hellmonk_reading_circle,
          serial_library_hellmonk_layered_room,
          serial_library_hellmonk_layered_room,
          serial_library_regret_index_small_wings
D:5:      layout_rooms, nicolae_ru_the_path_less_chosen,
          minmay_temple_entry_glassed_door, serial_bayou, serial_bayou_shore_a,
          serial_bayou_lagoon_b, serial_bayou_ford_a, serial_bayou_pond_d,
          serial_shops, nicolae_shop_scrapyard, minmay_divided_ellipse
D:6:      layout_cave_pods, uniq_sigmund
D:7:      layout_gridville
D:8:      layout_basic, dreamdust_princess_bridge
D:9:      layout_roguey, nicolae_qazlal_eye_of_the_storm, minmay_checkerbox,
          uniq_pikel
D:10:     layout_irregular_city, mainiacjoe_overflow_swirl, hiddenorc2_lemuel
D:11:     layout_basic, dpeg_oklobed_lair
D:12:     layout_irregular_city, uniq_urug, uniq_lodul
D:13:     wad_river_or_something, layout_basic, david_vaults_2, serial_demonic,
          serial_demonic_c, serial_demonic_c, serial_demonic_b, serial_demonic_a
D:14:     layout_roguey, enter_trove_0, minmay_misc_feat_hallway, uniq_snorg
D:15:     hellmonk_depths_entry_around_the_bend, layout_loops_ring,
          chequers_serial_rivers_micro_e, uniq_jorgrun
Temple:   nicolae_temple_x_marks_the_god
Lair:1:   layout_long_grid, columned_hall_lemuel
Lair:2:   layout_misc_corridors, spider_nest_entry_funnel_web,
          portal_ice_cave_demonic_guard, minivault_26
Lair:3:   minmay_lair_oklob_chamber, layout_loops_ring,
          nicolae_swamp_entry_splash_gauntlet, grunt_forest_large_clearings,
          serial_bayou_shore_b, uniq_fannar
Lair:4:   layout_regular_city, nzn_random_ring, infiniplex_staircase_pool
Lair:5:   gammafunk_lair_ancient_temple, layout_cave_shapes,
          dpeg_slime_entry_corner, eino_house_with_fridge
Spider:1: layout_spider_delve, nicolae_spider_webs_and_nodes,
          nicolae_spider_claw_tunnel
Spider:2: layout_spider_delve, guppyfry_spider_mini_3, uniq_arachne
Spider:3: layout_cave_pods
Spider:4: hellmonk_spider_rune_endless_swarm, nicolae_arachne_temple
Orc:1:    layout_caves, hellmonk_ghost_happy_afterlife, uniq_erica, uniq_harold,
          uniq_josephine
Orc:2:    st_orc_congregation, layout_caves, serial_shops, shop,
          nicolae_shop_overcharged_wands

Skill      XL: |  1  2  3  4  5  6  7  8  9 10 11 12 13 14 15 16 17 18 |
---------------+-------------------------------------------------------+-----
Staves         | 3 4 5 6 7 8 |  8.2
Axes           | 3 7 8 11 12 13 14 16 | 16.0
Stealth        | 2 3 |  3.0
Armour         | 2 4 6 7 8 |  8.0
Fighting       | 6 8 11 13 14 17 | 17.0
Invocations    | 9 11 13 15 | 15.0
Shields        | 4 10 12 13 14 | 14.3
Evocations     | 5 |  5.0
Throwing       | |  1.7
Dodging        | |  2.6

Action                     |  1- 3 |  4- 6 |  7- 9 | 10-12 | 13-15 | 16-18 || total
---------------------------+-------+-------+-------+-------+-------+-------++-------
  Melee: Quarterstaff      |    67 |   158 |    34 |       |       |       ||   259
         Kick              |     9 |    35 |    47 |   133 |   252 |   132 ||   608
         Broad axe         |       |       |   163 |   406 |   643 |   395 ||  1607
         Punch             |       |       |     2 |     5 |       |       ||     7
  Throw: Dart              |       |     4 |    13 |     3 |       |       ||    20
         Throwing net      |       |     2 |       |     2 |       |       ||     4
         Javelin           |       |     1 |     4 |     4 |       |       ||     9
 Invoke: Minor Destruction |       |       |       |   331 |   467 |   219 ||  1017
         Major Destruction |       |       |       |       |    23 |     1 ||    24
         Lesser Servant of |       |       |       |       |     5 |       ||     5
         Greater Servant o |       |       |       |       |     3 |     4 ||     7
  Evoke: Wand              |       |       |       |     5 |       |     1 ||     6
    Use: Scroll            |       |       |       |       |    36 |     6 ||    42
         Potion            |       |       |       |       |       |     2 ||     2
   Stab: Sleeping          |     2 |       |       |       |       |       ||     2
         Distracted        |       |     2 |       |     2 |     3 |     2 ||     9
 Armour: Leather armour    |    33 |    45 |       |       |       |       ||    78
         Ring mail         |       |    10 |     3 |       |       |       ||    13
         Chain mail        |       |       |   110 |       |       |       ||   110
         Plate armour      |       |       |     4 |   373 |   540 |   383 ||  1300
  Dodge: Dodged            |    33 |    72 |   186 |   363 |   388 |   122 ||  1164
  Block: Other             |     6 |    29 |    81 |   136 |       |       ||   252
         Buckler           |       |       |       |    45 |   667 |     7 ||   719
         Tower shield      |       |       |       |       |       |   814 ||   814

Table legend: (Time is in decaauts)
 A = Elapsed time spent in this place.
 B = Non-inter-level travel time spent in this place.
 C = Inter-level travel time spent in this place.
 D = Time resting spent in this place.
 E = Time spent auto-exploring this place.
 F = Levels seen in this place.
 G = Mean time per level.
                   A        B        C        D        E       F      G
               +--------+--------+--------+--------+--------+-----+--------+
         Total |  41928 |  38024 |   3904 |   5675 |  25162 |  28 | 1497.4 |
       Dungeon |  24476 |  21526 |   2950 |   3232 |  14857 |  15 | 1631.7 |
        Temple |     16 |      1 |     15 |      0 |      0 |   1 |   16.0 |
          Lair |   6857 |   6257 |    600 |    282 |   4335 |   5 | 1371.4 |
   Spider Nest |   6648 |   6510 |    138 |   2161 |   3100 |   4 | 1662.0 |
  Orcish Mines |   2892 |   2692 |    200 |      0 |   2182 |   2 | 1446.0 |
      Ice Cave |   1037 |   1037 |      0 |      0 |    687 |   1 | 1037.0 |
               +--------+--------+--------+--------+--------+-----+--------+

Top non-repeatable levels by time:
    D:11: 5112 daAuts
Spider:4: 2586 daAuts
     D:5: 1969 daAuts
   Orc:2: 1932 daAuts
     D:4: 1823 daAuts
Spider:3: 1799 daAuts
    D:10: 1747 daAuts
    D:13: 1722 daAuts
  Lair:3: 1654 daAuts
  Lair:4: 1575 daAuts
     D:9: 1453 daAuts
  Lair:2: 1329 daAuts
     D:6: 1321 daAuts
     D:3: 1320 daAuts
  Lair:5: 1300 daAuts
